 Dungeon Crawl Stone Soup version 0.22.1-2-g9c5b331383 (webtiles) character file.

1146 Jukra the Cudgeler (level 8, -3/70 HPs)
             Began as a Minotaur Berserker on Dec 24, 2018.
             Was an Elder of Trog.
             Slain by a sky beast (5 damage)
             ... on level 6 of the Dungeon.
             The game lasted 00:15:37 (4126 turns).

Jukra the Cudgeler (Minotaur Berserker)             Turns: 4126, Time: 00:15:38

Health: -3/70      AC: 13    Str: 25    XL:     8   Next: 15%
Magic:  7/7        EV:  6    Int:  4    God:    Trog [****..]
Gold:   221        SH:  9    Dex:  9    Spells: 7/7 levels left

rFire    . . .     SeeInvis .   b - +0 morningstar
rCold    . . .     Gourm    .   q - +0 shield
rNeg     . . .     Faith    .   l - +0 plate armour
rPois    .         Spirit   .   (helmet restricted)
rElec    .         Reflect  .   d - +0 cloak
rCorr    .         Harm     .   (no gloves)
MR       .....                  (no boots)
Stlth    ..........             r - amulet of regeneration
HPRegen  0.61/turn              (no ring)
MPRegen  0.10/turn              (no ring)

@: berserk cooldown, starving, slowed, very slow
A: retaliatory headbutt, horns 2
a: Berserk, Trog's Hand, Brothers in Arms, Renounce Religion


You were on level 6 of the Dungeon.
You worshipped Trog.
Trog was greatly pleased with you.
You were starving.

You visited 1 branch of the dungeon, and saw 6 of its levels.

You collected 221 gold pieces.

Inventory:

Hand Weapons
 a - a +0 falchion
 b - a +0 morningstar (weapon)
 w - a +1 dire flail of protection
Armour
 d - a +0 cloak (worn)
 f - a +2 buckler
 l - a +0 plate armour (worn)
 q - a +0 shield (worn)
Jewellery
 r - an amulet of regeneration (around neck)
Wands
 g - a wand of flame (20)
Scrolls
 i - 6 scrolls of teleportation {unknown}
 n - 3 scrolls of remove curse
 p - a scroll of blinking {unknown}
 t - 2 scrolls of random uselessness {unknown}
 v - 2 scrolls of identify {unknown}
 x - a scroll of fog {unknown}
Potions
 e - a potion of mutation {unknown}
 h - a potion of might {unknown}
 j - 2 potions of magic {unknown}
 k - a potion of curing {unknown}
 m - 2 potions of heal wounds {unknown}
 o - a potion of haste {unknown}
 s - 2 potions of lignification {unknown}
 u - a potion of brilliance {unknown}
Comestibles
 c - 7 rations


   Skills:
 + Level 5.8 Fighting
 - Level 5.1 Long Blades
 * Level 6.7 Maces & Flails
 * Level 5.2 Armour
 * Level 4.7 Dodging
 + Level 0.5 Stealth
 + Level 2.1 Shields


You had 7 spell levels left.
You didn't know any spells.
Your spell library was empty.

Dungeon Overview and Level Annotations

Branches:
Dungeon (6/15)
 Temple: D:4-7

Altars:
Ashenzari
Elyvilon
Makhleb
Nemelex Xobeh
Qazlal

Shops:
D:6 (


Innate Abilities, Weirdness & Mutations

You reflexively headbutt those who attack you in melee.
You have a pair of horns on your head.


Message History

The orc wizard blinks!
The orc wizard hits you but does no damage.
The orc closely misses you.
The orc warrior hits you but does no damage.
You closely miss the orc wizard. You headbutt the orc wizard!
You kill the orc wizard!
Trog accepts your kill.
Trog appreciates your killing of a magic user.
Something hits you but does no damage. The crimson imp barely misses you.
The orc wizard hits you but does no damage.
The orc hits you but does no damage.
The orc warrior hits you with a battleaxe!
* * * LOW HITPOINT WARNING * * *
Something hits you but does no damage.
The crimson imp hits you but does no damage.
The orc wizard hits you but does no damage.
Something hits you.
* * * LOW HITPOINT WARNING * * *
Something shocks you.
You die...

## ... ....#
......#########.#
.......<#oo.....<
...##.#.@o.......
# #o5{##.#..#
.....oo.
##..$....∩.
###...#!....
..........
##........#
#....#...#


You could see an orc warrior, 2 orc wizards, a crimson imp and 3 orcs.

Vanquished Creatures
  An ice beast (D:5)
  A sky beast (D:5)
  3 ogres
  A centaur (D:5)
  Blork the orc (D:5)
  A water moccasin skeleton (D:4)
  2 scorpions (D:5)
  A crimson imp (D:5)
  3 orc wizards
  2 iguanas (D:6)
  A worker ant (D:4)
  8 adders
  A shadow imp (D:5)
  2 oozes
  2 worms (D:3)
  3 leopard geckos
  15 orcs
  5 giant cockroaches
  12 goblins
  8 hobgoblins
  12 jackals
  10 kobolds
  4 quokkas
  3 ball pythons (D:3)
  6 bats
  9 frilled lizards
  A giant cockroach zombie (D:5)
  8 rats
126 creatures vanquished.

Notes
Turn   | Place    | Note
-------+----------+-------------------------------------------
     0 | D:1      | Jukra the Minotaur Berserker began the quest for the Orb.
     0 | D:1      | Reached XP level 1. HP: 19/19 MP: 0/0
   404 | D:1      | Reached XP level 2. HP: 27/27 MP: 1/1
   438 | D:1      | Reached ** piety under Trog
   507 | D:1      | Reached XP level 3. HP: 29/34 MP: 2/2
   816 | D:2      | Found a white marble altar of Elyvilon.
  1029 | D:2      | Found a stormy altar of Qazlal.
  1063 | D:2      | Reached XP level 4. HP: 33/41 MP: 3/3
  1138 | D:2      | Found a sparkling altar of Nemelex Xobeh.
  1307 | D:2      | Reached skill level 5 in Fighting
  1307 | D:2      | Reached skill level 5 in Long Blades
  1675 | D:3      | Reached *** piety under Trog
  1693 | D:3      | Reached XP level 5. HP: 48/48 MP: 4/4
  1959 | D:3      | Reached skill level 1 in Maces & Flails
  2420 | D:4      | Reached skill level 2 in Maces & Flails
  2544 | D:4      | Noticed an ogre
  2551 | D:4      | Killed an ogre
  2551 | D:4      | Reached skill level 3 in Maces & Flails
  2551 | D:4      | Reached skill level 1 in Shields
  2551 | D:4      | Reached XP level 6. HP: 18/56 MP: 5/5
  2809 | D:4      | Reached skill level 4 in Maces & Flails
  2937 | D:4      | Reached **** piety under Trog
  3041 | D:5      | Entered Level 5 of the Dungeon
  3041 | D:5      | Noticed an ice beast
  3052 | D:5      | Killed an ice beast
  3052 | D:5      | Reached XP level 7. HP: 38/61 MP: 6/6
  3157 | D:5      | Noticed Blork the orc
  3168 | D:5      | Killed Blork the orc
  3168 | D:5      | Reached skill level 5 in Maces & Flails
  3216 | D:5      | Found a burning altar of Makhleb.
  3672 | D:5      | Reached skill level 6 in Maces & Flails
  3672 | D:5      | Reached skill level 5 in Armour
  3733 | D:5      | Found a shattered altar of Ashenzari.
  3769 | D:5      | Reached XP level 8. HP: 70/70 MP: 7/7
  4107 | D:6      | Found Liedihou's Weapon Shoppe.
  4125 | D:6      | HP: 3/70 [orc warrior/battleaxe (11)]
  4126 | D:6      | Slain by a sky beast

Skill      XL: |  1  2  3  4  5  6  7 |
---------------+----------------------+-----
Fighting       | 4 5 |  5.8
Long Blades    | 4 5 |  5.1
Dodging        | 3 4 |  4.7
Maces & Flails | 3 4 6 |  6.7
Armour         | 3 4 5 |  5.2
Shields        | 1 2 |  2.1
Stealth        | |  0.5

Action                   |  1- 3 |  4- 6 |  7- 9 || total
-------------------------+-------+-------+-------++-------
Melee: Falchion          |    80 |    28 |       ||   108
       Headbutt          |     7 |    24 |    18 ||    49
       Morningstar       |       |   145 |   100 ||   245
Invok: Berserk           |       |     1 |     2 ||     3
  Use: Scroll            |       |     1 |       ||     1
  Eat: Chunk             |       |     8 |     4 ||    12
Armor: Animal skin       |     8 |       |       ||     8
       Robe              |    12 |     3 |       ||    15
       Chain mail        |       |    70 |       ||    70
       Plate armour      |       |    29 |    87 ||   116
Dodge: Dodged            |    67 |    62 |    21 ||   150
Block: Buckler           |       |    15 |       ||    15
       Shield            |       |    30 |    48 ||    78
       Rpst.: Falchion   |    17 |     4 |       ||    21
